Map: Acid Plant LE

Players

Poizon

  • Race: Protoss Protoss
  • Spawn Location: 11:00

GogojOey - Winner!

  • Race: Zerg Zerg
  • Spawn Location: 5:00

Event: WCS Montreal 2018

VOD

Have the link to the VOD?

Description

Time

  • Played on: Sept. 7, 2018, 12:23 p.m.
  • Length: 6:45

All games in this series

Show
View Real Time Build Order
Export as new Build Order

Poizon Protoss 

Build Orders: 1 Gate Expand, Blink Stalkers, Zealot Archon 

Get SALT Encoding   

  12  0:00  Probe  
  13  0:13  Probe  
  14  0:25  Probe  
  15  0:30  Pylon  
  15  0:48  Probe  
  16  0:50  Gateway  
  16  0:54  Assimilator  
  16  1:00  Probe  
  17  1:12  Probe  
  18  1:22  Nexus  
  18  1:39  Cybernetics Core  
  18  1:44  Probe, Assimilator  
  19  1:52  Pylon  
  19  1:56  Probe  
  20  2:08  Probe  
  21  2:10  Adept  
  21  2:11  Pylon  
  21  2:12  Warp Gate  
  21  2:20  Probe  
  24  2:36  Twilight Council  
  24  2:43  Probe  
  25  2:45  Probe  
  26  2:55  Probe  
  26  2:57  Probe  
  27  3:06  Stalker  
  27  3:07  Gateway  
  27  3:09  Probe  
  28  3:17  Blink  
  28  3:18  Probe  
  31  3:26  Probe  
  32  3:30  Probe  
  33  3:36  Pylon  
  33  3:38  Probe  
  34  3:42  Probe  
  33  3:50  Gateway  
  33  3:53  Probe  
  33  3:55  Probe  
  35  4:03  Gateway  
  35  4:06  Dark Shrine  
  35  4:12  Gateway  
  33  4:19  Probe  
  33  4:20  Probe  
  33  4:22  Stalker  
  37  4:26  Zealot  
  39  4:44  Shield Battery  
  39  4:46  Stalker x2  
  39  4:47  Stalker  
  45  4:53  Probe  
  46  5:03  Stalker  
  46  5:05  Probe  
  49  5:16  Probe  
  49  5:17  Probe  
  49  5:18  Gateway  
  49  5:19  Gateway x2, Assimilator  
  51  5:22  Pylon  
  51  5:24  Dark Templar  
  51  5:26  Assimilator  
  53  5:33  Pylon  
  53  5:34  Probe  
  54  5:36  Pylon  
  52  5:43  Dark Templar x2  
  53  5:58  Dark Templar  
  53  6:06  Pylon  
  53  6:07  Pylon  
  51  6:22  Archon  
  51  6:24  Probe  
  40  6:28  Zealot  
  42  6:34  Cybernetics Core  
  42  6:36  Dark Templar  
  42  6:37  Dark Templar  
  46  6:42  Archon  
Show
View Real Time Build Order
Export as new Build Order

GogojOey Zerg - Winner!

Build Orders: Hatch First 

Get SALT Encoding   

  12  0:00  Drone  
  13  0:12  Overlord  
  13  0:17  Drone  
  14  0:31  Drone x2  
  14  0:34  Drone  
  17  0:51  Hatchery  
  17  0:54  Drone  
  17  0:57  Drone  
  18  1:08  Extractor  
  17  1:13  Spawning Pool  
  17  1:15  Drone  
  17  1:19  Drone  
  18  1:28  Drone  
  19  1:38  Overlord  
  19  1:50  Drone  
  20  1:59  Queen  
  20  2:00  Zergling x2  
  23  2:03  Drone, Queen  
  23  2:08  Metabolic Boost  
  26  2:11  Drone  
  26  2:15  Drone  
  28  2:23  Drone  
  28  2:26  Drone  
  30  2:42  Hatchery  
  30  2:43  Queen  
  31  2:45  Zergling x4  
  31  2:48  Drone  
  34  2:56  Overlord  
  34  2:58  Drone x2  
  36  3:07  Overlord  
  36  3:14  Queen  
  36  3:16  Drone x4  
  36  3:18  Drone  
  43  3:26  Overlord  
  43  3:27  Drone x2  
  43  3:28  Drone  
  46  3:37  Overlord  
  46  3:41  Drone  
  46  3:46  Lair  
  47  3:49  Drone x2  
  47  3:50  Roach Warren  
  47  3:54  Drone x3  
  51  3:57  Extractor x2, Drone  
  51  3:58  Drone  
  51  4:02  Drone x2  
  53  4:09  Zergling x6  
  55  4:15  Overlord  
  55  4:24  Overlord  
  55  4:33  Roach x7  
  69  4:41  Roach x2  
  69  4:43  Zergling x2, Roach  
  75  4:48  Zergling x2, Roach x2  
  75  4:50  Zergling x2, Roach  
  83  4:56  Overlord  
  83  4:57  Overlord  
  83  4:59  Overlord  
  83  5:03  Overlord  
  83  5:06  Glial Reconstitution  
  83  5:11  Overlord  
  83  5:15  Overlord  
  83  5:18  Zergling x8  
  87  5:21  Ravager x2  
  87  5:25  Zergling x6  
  87  5:27  Zergling x2  
  87  5:28  Zergling x2  
  94  5:32  Ravager  
  94  5:33  Zergling x2  
  94  5:34  Zergling x4  
  97  5:43  Zergling x10  
  97  5:44  Zergling x2  
  99  5:51  Overseer  
  99  5:56  Zergling x8  
  99  5:57  Zergling x8  
  99  6:04  Drone x3  
  99  6:07  Drone x2  
  99  6:08  Roach  
  99  6:09  Roach  
  101  6:14  Roach x2  
  101  6:16  Ravager  
  99  6:24  Overseer  
  93  6:29  Drone x2  
Tags
 
Add a new tag
Caveats
  • Supply blocks, unpowered buildings, or Contaminate may cause inaccurate times.
  • Supply counts are checked every 10 seconds.